[Event "71st RUS-ch Higher League 2018"]
[Site "Yaroslavl"]
[Date "2018.06.30"]
[Round "5"]
[White "Ovetchkin, Roman"]
[Black "Ponkratov, Pavel"]
[Result "0-1"]
[ECO "D85"]
[WhiteElo "2546"]
[BlackElo "2622"]
[Annotator "ChessBase"]
[PlyCount "76"]
[EventDate "2018.06.26"]
[EventType "swiss"]
[EventCountry "RUS"]
[SourceTitle "playchess.com"]
[Source "ChessBase"]
[SourceQuality "1"]
[TimeControl "40/5400+30:1800+30"]

1. d4 Nf6 2. c4 g6 3. Nf3 Bg7 4. Nc3 d5 5. cxd5 Nxd5 6. e4 Nxc3 7. bxc3 c5 8. Bb5+ Nd7 9. a4 a6 10. Bd3 cxd4 11. cxd4 Nc5 12. Bc2 Bg4 13. Be3 Bxf3 14. gxf3 Ne6 15. d5 Nc5 16. Rb1 Rc8 17. O-O O-O 18. f4 Qd7 19. Qf3 b5 20. axb5 axb5 21. e5 Na4 22. Rbc1 Nc3 23. Bb3 b4 24. Bd4 Nb5 25. Bc5 Qf5 26. Ba4 Rxc5 27. Rxc5 Nd4 28. Qe3 Bxe5 29. fxe5 Nf3+ 30. Qxf3 Qxf3 31. Bd1 Qf4 32. Re1 Qd2 33. Kf1 b3 34. Rb5 b2 35. d6 exd6 36. exd6 Rc8 37. d7 Qxd7 38. Rxb2 Rc1 0-1

[Event "71st RUS-ch Higher League 2018"]
[Site "Yaroslavl"]
[Date "2018.06.30"]
[Round "5"]
[White "Sychev, Klementy"]
[Black "Kobalia, Mikhail"]
[Result "0-1"]
[ECO "B82"]
[WhiteElo "2527"]
[BlackElo "2608"]
[Annotator "ChessBase"]
[PlyCount "166"]
[EventDate "2018.06.26"]
[EventType "swiss"]
[EventCountry "RUS"]
[SourceTitle "playchess.com"]
[Source "ChessBase"]
[SourceQuality "1"]
[TimeControl "40/5400+30:1800+30"]

1. e4 c5 2. Nf3 e6 3. d4 cxd4 4. Nxd4 Nc6 5. Nc3 d6 6. Be3 Nf6 7. f4 Be7 8. Qf3 e5 9. Nxc6 bxc6 10. f5 h5 11. O-O-O Qa5 12. Bc4 Bb7 13. Bb3 Rd8 14. Bg5 Qc7 15. Kb1 Ba8 16. g3 Rb8 17. h3 a5 18. g4 Nh7 19. Be3 Ng5 20. Qg2 h4 21. Qd2 Nf3 22. Qe2 Nd4 23. Rxd4 exd4 24. Bxd4 Bf6 25. Bxf6 gxf6 26. Rd1 Rd8 27. Qe3 Qe7 28. Qf2 Qe5 29. a3 Rd7 30. Ne2 Rb7 31. a4 Rb4 32. Nf4 c5 33. Nd3 Qg3 34. Qf1 Rd4 35. Nf2 O-O 36. Rxd4 cxd4 37. Ka2 Qf3 38. Qg1 Bxe4 39. Nxe4 Qxe4 40. Qf2 Qe3 41. Qxh4 Kg7 42. g5 fxg5 43. Qh5 Qf4 44. Qd1 Rh8 45. Qd3 Qe5 46. Qc4 Rf8 47. Qc7 Kf6 48. Qd7 Qc5 49. Kb1 Qb6 50. Ka2 Qb4 51. Bd5 Qc5 52. Bb3 Qb6 53. Bc4 Qd8 54. Qa7 Kg7 55. Qxd4+ Qf6 56. Qg4 Rh8 57. Qf3 Rh4 58. Qd5 Rf4 59. Bb3 Rxf5 60. Qg2 Rf4 61. Qd2 Qe5 62. Qg2 Qc5 63. Qd2 Rf1 64. Bd5 Kf6 65. c4 Rf2 66. Qc3+ Ke7 67. Qc1 Kd7 68. Qxg5 Qb4 69. Qc1 Qxa4+ 70. Kb1 Qb3 71. Be4 Re2 72. Bf5+ Kc6 73. c5 dxc5 74. Bg4 Rf2 75. Bd1 Qd3+ 76. Ka2 Qd2 77. Qb1 Kb5 78. Ka3 Qb4+ 79. Ka2 a4 80. Ka1 Qd2 81. Bxa4+ Kxa4 82. Qe4+ Qd4 83. Qa8+ Kb3 0-1

[Event "71st RUS-ch Higher League 2018"]
[Site "Yaroslavl"]
[Date "2018.06.30"]
[Round "5"]
[White "Lobanov, Sergei"]
[Black "Esipenko, Andrey"]
[Result "1-0"]
[ECO "B90"]
[WhiteElo "2521"]
[BlackElo "2599"]
[Annotator "ChessBase"]
[PlyCount "66"]
[EventDate "2018.06.26"]
[EventType "swiss"]
[EventCountry "RUS"]
[SourceTitle "playchess.com"]
[Source "ChessBase"]
[SourceQuality "1"]
[TimeControl "40/5400+30:1800+30"]

1. e4 c5 2. Nf3 d6 3. d4 cxd4 4. Nxd4 Nf6 5. Nc3 a6 6. Be3 e5 7. Nb3 Be7 8. f3 Be6 9. Qd2 O-O 10. O-O-O Nbd7 11. g4 b5 12. g5 Nh5 13. Rg1 Nb6 14. Nd5 Bxd5 15. exd5 Qc7 16. Na5 Nxd5 17. Qxd5 Qxa5 18. Kb1 Qc7 19. c4 b4 20. Bh3 g6 21. Bg4 Nf4 22. Bxf4 exf4 23. Rge1 h5 24. gxh6 Kh7 25. Qd4 Kxh6 26. Qxf4+ Bg5 27. Qxd6 Qxc4 28. Re4 Qb5 29. Bd7 Qb8 30. h4 Qxd6 31. hxg5+ Kxg5 32. Rxd6 Rad8 33. f4+ Kh6 1-0

[Event "71st RUS-ch Higher League 2018"]
[Site "Yaroslavl"]
[Date "2018.06.30"]
[Round "5"]
[White "Moiseenko, Vadim"]
[Black "Alekseev, Evgeny"]
[Result "0-1"]
[ECO "B21"]
[WhiteElo "2517"]
[BlackElo "2627"]
[Annotator "ChessBase"]
[PlyCount "64"]
[EventDate "2018.06.26"]
[EventType "swiss"]
[EventCountry "RUS"]
[SourceTitle "playchess.com"]
[Source "ChessBase"]
[SourceQuality "1"]
[TimeControl "40/5400+30:1800+30"]

1. e4 c5 2. Nf3 e6 3. d4 cxd4 4. c3 dxc3 5. Nxc3 a6 6. Bc4 Nc6 7. O-O Nge7 8. Bg5 h6 9. Be3 Ng6 10. Nd4 Be7 11. f4 O-O 12. Qh5 Nxd4 13. Bxd4 Qc7 14. Bd3 Nxf4 15. Qg4 Ng6 16. e5 Nxe5 17. Qg3 Bc5 18. Bxc5 Qxc5+ 19. Kh1 Nxd3 20. Qxd3 d5 21. Qg3 Qe7 22. Rae1 Qg5 23. Qc7 Qd8 24. Qf4 Bd7 25. Rf3 Rc8 26. Rg3 Kh8 27. Rf1 Rc4 28. Qd6 f6 29. b3 Rc7 30. a4 Bc8 31. Qb4 d4 32. Ne4 e5 0-1

[Event "71st RUS-ch Higher League 2018"]
[Site "Yaroslavl"]
[Date "2018.06.30"]
[Round "5"]
[White "Sviridov, Valery"]
[Black "Kokarev, Dmitry"]
[Result "1/2-1/2"]
[ECO "A48"]
[WhiteElo "2514"]
[BlackElo "2603"]
[Annotator "ChessBase"]
[PlyCount "80"]
[EventDate "2018.06.26"]
[EventType "swiss"]
[EventCountry "RUS"]
[SourceTitle "playchess.com"]
[Source "ChessBase"]
[SourceQuality "1"]
[TimeControl "40/5400+30:1800+30"]

1. d4 Nf6 2. Nf3 g6 3. c4 Bg7 4. g3 d5 5. cxd5 Nxd5 6. Bg2 Nb6 7. O-O Nc6 8. Nc3 Nxd4 9. Nxd4 Qxd4 10. Nb5 Qc4 11. a4 O-O 12. b3 Qg4 13. Ra2 c6 14. Nc7 Rb8 15. a5 Na8 16. Nxa8 Rxa8 17. a6 bxa6 18. Bxc6 Rb8 19. Bf3 Qf5 20. Be3 Qb5 21. Bxa7 Qxb3 22. Ra4 Rb5 23. Qxb3 Rxb3 24. Rd1 Bb7 25. Bxb7 Rxb7 26. Rxa6 h5 27. Be3 Bf6 28. Kg2 Kg7 29. h4 Rc8 30. Bd4 Bxd4 31. Rxd4 Rbc7 32. Rd2 Rc2 33. Rxc2 Rxc2 34. e3 Rc7 35. Kf3 Rb7 36. Kg2 Rc7 37. Kf3 Rd7 38. Kg2 Rc7 39. Kg1 Rb7 40. Kf1 Rc7 1/2-1/2

[Event "71st RUS-ch Higher League 2018"]
[Site "Yaroslavl"]
[Date "2018.06.30"]
[Round "5"]
[White "Iskusnyh, Sergei"]
[Black "Romanov, Evgeny"]
[Result "0-1"]
[ECO "E04"]
[WhiteElo "2473"]
[BlackElo "2628"]
[Annotator "ChessBase"]
[PlyCount "108"]
[EventDate "2018.06.26"]
[EventType "swiss"]
[EventCountry "RUS"]
[SourceTitle "playchess.com"]
[Source "ChessBase"]
[SourceQuality "1"]
[TimeControl "40/5400+30:1800+30"]

1. d4 d5 2. c4 e6 3. Nf3 Nf6 4. g3 dxc4 5. Bg2 Nc6 6. Qa4 Nd7 7. Qxc4 Nb6 8. Qd3 e5 9. Be3 Nb4 10. Qb5+ Nd7 11. O-O c6 12. Qc4 Nb6 13. Qc1 e4 14. Ne5 f6 15. Nc4 f5 16. Nxb6 axb6 17. Nc3 Be6 18. f3 exf3 19. Bxf3 Be7 20. a3 Nd5 21. Bxd5 cxd5 22. Bf4 O-O 23. Qe3 Bf7 24. Rac1 Rc8 25. Nb1 Rc6 26. Nd2 Re6 27. Qd3 Bh5 28. Nf3 Bf6 29. Rc2 g5 30. Be5 Bxf3 31. exf3 Bxe5 32. dxe5 Rxe5 33. f4 gxf4 34. Rxf4 Qd7 35. Rf1 d4 36. Rd2 Re4 37. Qb3+ Rf7 38. Qxb6 f4 39. Qb3 Kf8 40. gxf4 Rg7+ 41. Rg2 Rxg2+ 42. Kxg2 d3 43. Qc3 Re2+ 44. Kg3 Qf5 45. Qb4+ Ke8 46. Re1 Qg6+ 47. Kh4 Qh6+ 48. Kg4 Qe6+ 49. f5 h5+ 50. Kg5 Qe3+ 51. Kg6 Rxe1 52. Qb5+ Kf8 53. Qb4+ Qe7 54. Qd4 Rg1+ 0-1

[Event "71st RUS-ch Higher League 2018"]
[Site "Yaroslavl"]
[Date "2018.06.30"]
[Round "5"]
[White "Yanchenko, Roman"]
[Black "Volkov, Sergey"]
[Result "1-0"]
[ECO "A06"]
[WhiteElo "2462"]
[BlackElo "2580"]
[Annotator "ChessBase"]
[PlyCount "133"]
[EventDate "2018.06.26"]
[EventType "swiss"]
[EventCountry "RUS"]
[SourceTitle "playchess.com"]
[Source "ChessBase"]
[SourceQuality "1"]
[TimeControl "40/5400+30:1800+30"]

1. Nf3 d5 2. e3 c5 3. d4 e6 4. c4 cxd4 5. Nxd4 Ne7 6. Nc3 g6 7. cxd5 exd5 8. Bb5+ Bd7 9. Qb3 Bg7 10. O-O Bxb5 11. Qxb5+ Qd7 12. Qxd7+ Nxd7 13. Ndb5 O-O 14. Rd1 Nf6 15. b3 Ne4 16. Bb2 Rfc8 17. Rac1 Nf5 18. Rxd5 a6 19. Nd4 Nxd4 20. exd4 Bh6 21. Rc2 Bd2 22. Rxd2 Nxd2 23. f3 b5 24. Rc5 Rxc5 25. dxc5 Rc8 26. Nd5 Kf8 27. Kf2 a5 28. Be5 a4 29. Nb6 Rc6 30. bxa4 bxa4 31. Ke2 Nb1 32. Kd3 Ke7 33. Kc4 Re6 34. Kd5 Na3 35. Nc8+ Kd7 36. Na7 Rxe5+ 37. Kxe5 Nc2 38. c6+ Kc7 39. Kd5 Nb4+ 40. Kc5 Nd3+ 41. Kc4 Nf4 42. g3 Ne6 43. Kd5 Kb6 44. Nc8+ Kb5 45. Nd6+ Kb4 46. Nxf7 Nc7+ 47. Kd6 Na6 48. Ne5 Ka3 49. Nd3 Kxa2 50. Nc5 a3 51. Nxa6 Kb3 52. c7 a2 53. c8=Q a1=Q 54. Qb7+ Kc2 55. Qe4+ Kd2 56. Nc5 Qa7 57. Qd3+ Ke1 58. Ne4 h5 59. f4 h4 60. Qd2+ Kf1 61. Qf2+ Qxf2 62. Nxf2 Kxf2 63. gxh4 Kg2 64. Ke5 Kxh2 65. Kf6 Kg3 66. Kxg6 Kxf4 67. h5 1-0

[Event "71st RUS-ch Higher League 2018"]
[Site "Yaroslavl"]
[Date "2018.06.30"]
[Round "5"]
[White "Girya, Olga"]
[Black "Antipov, Mikhail Al."]
[Result "1-0"]
[ECO "D15"]
[WhiteElo "2457"]
[BlackElo "2616"]
[Annotator "ChessBase"]
[PlyCount "113"]
[EventDate "2018.06.26"]
[EventType "swiss"]
[EventCountry "RUS"]
[SourceTitle "playchess.com"]
[Source "ChessBase"]
[SourceQuality "1"]
[TimeControl "40/5400+30:1800+30"]

1. d4 Nf6 2. c4 c6 3. Nc3 d5 4. e3 a6 5. Nf3 Bf5 6. cxd5 cxd5 7. Ne5 Nc6 8. Bd2 Qd6 9. g4 Bc8 10. f4 e6 11. Rc1 Nd7 12. Nxc6 bxc6 13. Na4 Be7 14. Qc2 Bb7 15. Bd3 g5 16. Nc5 Bc8 17. Nb3 Nb8 18. O-O h5 19. gxh5 f5 20. Na5 Ra7 21. a3 gxf4 22. Bb4 Qc7 23. Bxe7 Qxe7 24. Rxf4 Qd8 25. b4 Rxh5 26. Kh1 Rah7 27. Rg1 Kf7 28. Rg2 Bd7 29. Nb7 Qb6 30. Nc5 a5 31. Qc3 axb4 32. axb4 Ke7 33. Be2 Rh3 34. Bf1 Be8 35. Ra2 R3h6 36. Qa3 Qc7 37. Nd3 Nd7 38. b5+ Qd6 39. Qxd6+ Kxd6 40. bxc6 Kxc6 41. Rff2 Kd6 42. Nf4 Nb8 43. Rfb2 Nc6 44. Bb5 e5 45. dxe5+ Kxe5 46. Nd3+ Ke4 47. Nc5+ Ke5 48. Nd3+ Ke4 49. Ra4+ d4 50. exd4 Bh5 51. Bxc6+ Kxd3 52. Bd5 Rc7 53. Rb3+ Kd2 54. Bc4 Bd1 55. Ra2+ Kc1 56. Rc3+ Kb1 57. Rf2 1-0

[Event "71st RUS-ch Higher League 2018"]
[Site "Yaroslavl"]
[Date "2018.06.30"]
[Round "5"]
[White "Oganian, Miran"]
[Black "Bimiev, Ahmad"]
[Result "1-0"]
[ECO "E06"]
[WhiteElo "2432"]
[BlackElo "2125"]
[Annotator "NA"]
[PlyCount "121"]
[EventDate "2018.06.26"]
[EventType "swiss"]
[EventCountry "RUS"]
[SourceTitle "playchess.com"]
[Source "ChessBase"]
[SourceQuality "1"]
[TimeControl "40/5400+30:1800+30"]

1. d4 Nf6 2. c4 e6 3. g3 d5 4. Nf3 Be7 5. Bg2 O-O 6. O-O dxc4 7. Ne5 Nbd7 8. Nxc4 c5 9. dxc5 Nxc5 10. Nc3 a5 11. Qxd8 Rxd8 12. Bf4 Ra6 13. Bc7 Rd7 14. Nb5 a4 15. Rac1 Bf8 16. Bd6 Nce4 17. Bxf8 Kxf8 18. f3 Nc5 19. Ne5 b6 20. Nxd7+ Bxd7 21. Nc3 Ke7 22. Rfd1 Ne8 23. e4 f6 24. Bf1 Ra5 25. Rd4 Nc7 26. Rb4 b5 27. Rd4 N5a6 28. Nd1 Ne8 29. Ne3 Nb8 30. a3 Nc6 31. Rd2 Ne5 32. Kf2 Nd6 33. Rcd1 Ra6 34. Nc2 g5 35. Nb4 Rb6 36. h3 Be8 37. Rc2 Rb7 38. Be2 h5 39. f4 Nec4 40. Bxc4 Nxc4 41. h4 gxf4 42. gxf4 Bg6 43. Kf3 Be8 44. Rg2 Kf8 45. f5 exf5 46. exf5 Bd7 47. Rdg1 Ne5+ 48. Kf4 Ng4 49. Rd2 Kf7 50. Rgd1 Be8 51. Rc1 Ne5 52. Rc8 Rb6 53. Rc7+ Kf8 54. Rd8 Nf7 55. Nd5 Ra6 56. Rxf7+ Kxf7 57. Rxe8 Rd6 58. Re7+ Kf8 59. Ke4 Rxd5 60. Kxd5 Kxe7 61. Kc6 1-0

[Event "71st RUS-ch Higher League 2018"]
[Site "Yaroslavl"]
[Date "2018.06.30"]
[Round "5"]
[White "Gogolev, Artem"]
[Black "Sek, Konstantin"]
[Result "0-1"]
[ECO "A46"]
[WhiteElo "2407"]
[BlackElo "2476"]
[Annotator "ChessBase"]
[PlyCount "104"]
[EventDate "2018.06.26"]
[EventType "swiss"]
[EventCountry "RUS"]
[SourceTitle "playchess.com"]
[Source "ChessBase"]
[SourceQuality "1"]
[TimeControl "40/5400+30:1800+30"]

1. d4 Nf6 2. Nf3 e6 3. g3 c5 4. Bg2 cxd4 5. Nxd4 d5 6. O-O e5 7. Nb3 Be6 8. Bg5 Nbd7 9. Nc3 h6 10. Bxf6 Nxf6 11. Qd3 Qd7 12. Rad1 d4 13. Ne4 Rc8 14. Nxf6+ gxf6 15. c3 dxc3 16. Qxd7+ Bxd7 17. Rxd7 Kxd7 18. Bh3+ Kc7 19. Bxc8 Kxc8 20. Rc1 Kd7 21. Rxc3 h5 22. Kg2 b6 23. Kf3 Bd6 24. Nd2 Bb4 25. Rc2 f5 26. a3 Bd6 27. b4 h4 28. e4 hxg3 29. hxg3 fxe4+ 30. Nxe4 Be7 31. g4 Rh1 32. Rd2+ Ke6 33. Rd3 Ra1 34. Nd2 f5 35. gxf5+ Kxf5 36. Kg2 Ra2 37. Nc4 b5 38. Ne3+ Ke4 39. Rc3 Bg5 40. Nc2 Bd2 41. Rc5 a6 42. Kg3 Kd3 43. Ne3 Bxe3 44. fxe3 Ke4 45. Rc6 Rxa3 46. Kg4 Kxe3 47. Rd6 e4 48. Re6 Kd4 49. Kf4 Ra4 50. Rxe4+ Kc3 51. Re6 Rxb4+ 52. Ke3 a5 0-1

[Event "71st RUS-ch Higher League 2018"]
[Site "Yaroslavl"]
[Date "2018.06.30"]
[Round "5"]
[White "Tekeyev, Zaur"]
[Black "Okrugin, Sergey"]
[Result "1/2-1/2"]
[ECO "C50"]
[WhiteElo "2407"]
[BlackElo "2334"]
[Annotator "NA"]
[PlyCount "87"]
[EventDate "2018.06.26"]
[EventType "swiss"]
[EventCountry "RUS"]
[SourceTitle "playchess.com"]
[Source "ChessBase"]
[SourceQuality "1"]
[TimeControl "40/5400+30:1800+30"]

1. e4 e5 2. Nf3 Nc6 3. Bc4 Nf6 4. d3 Bc5 5. O-O O-O 6. Bg5 d6 7. c3 a6 8. b4 Ba7 9. Nbd2 Be6 10. Bd5 Kh8 11. Kh1 Rg8 12. Bxe6 fxe6 13. a4 Qe8 14. Bxf6 gxf6 15. Nh4 Ne7 16. f4 Ng6 17. Nxg6+ Qxg6 18. Qe2 exf4 19. Rxf4 Be3 20. Rf3 Bxd2 21. Qxd2 Raf8 22. Raf1 f5 23. g3 Rf6 24. Qe3 Rgf8 25. e5 R6f7 26. Re1 d5 27. Rf4 c6 28. Rh4 Rg7 29. Rf1 Qe8 30. Rff4 Rfg8 31. Qb6 Qb8 32. Qd4 b6 33. Kg2 c5 34. Qe3 Qc7 35. Rh6 Rg6 36. Rfh4 R8g7 37. Kh3 a5 38. Rxg6 Rxg6 39. b5 Qg7 40. Qf4 Rg5 41. Kg2 Rg4 42. Rxg4 Qxg4 43. Qe3 Kg7 44. h3 1/2-1/2

[Event "71st RUS-ch Higher League 2018"]
[Site "Yaroslavl"]
[Date "2018.06.30"]
[Round "5"]
[White "Zakaryan, David"]
[Black "Vastrukhin, Oleg"]
[Result "1-0"]
[ECO "A04"]
[WhiteElo "2387"]
[BlackElo "2420"]
[Annotator "NA"]
[PlyCount "103"]
[EventDate "2018.06.26"]
[EventType "swiss"]
[EventCountry "RUS"]
[SourceTitle "playchess.com"]
[Source "ChessBase"]
[SourceQuality "1"]
[TimeControl "40/5400+30:1800+30"]

1. Nf3 g6 2. d4 Bg7 3. c4 f5 4. Nc3 Nf6 5. g3 O-O 6. Bg2 d6 7. O-O Qe8 8. Re1 Qf7 9. d5 Ne4 10. Nb5 e5 11. Nd2 a6 12. Na3 Nxd2 13. Bxd2 f4 14. e4 g5 15. f3 g4 16. fxg4 f3 17. Rf1 Bxg4 18. Rf2 Nd7 19. h3 Qg6 20. hxg4 fxg2 21. Rf5 Nf6 22. Qf3 Qxg4 23. Kxg2 h5 24. Qxg4 Nxg4 25. Rh1 Nf6 26. Rh4 c6 27. Bg5 cxd5 28. cxd5 Rac8 29. Bxf6 Bxf6 30. Rhxh5 b5 31. b3 Kg7 32. Rf2 Rc3 33. Rhf5 Be7 34. Rxf8 Bxf8 35. Rc2 Rd3 36. Rc7+ Kg6 37. Nc2 Bh6 38. Rc6 Kh5 39. Ne1 Re3 40. Nf3 Bf8 41. Rc8 Bg7 42. Rd8 Rxe4 43. Rxd6 Re3 44. Kf2 Rd3 45. Re6 a5 46. d6 e4 47. Ne1 Rd5 48. Ke3 Bf8 49. Kxe4 Rxd6 50. Rxd6 Bxd6 51. Kd5 Bxg3 52. Nc2 1-0

[Event "71st RUS-ch Higher League 2018"]
[Site "Yaroslavl"]
[Date "2018.06.30"]
[Round "5"]
[White "Bykov, Egor"]
[Black "Triapishko, Alexandr"]
[Result "1/2-1/2"]
[ECO "D30"]
[WhiteElo "2373"]
[BlackElo "2513"]
[Annotator "ChessBase"]
[PlyCount "85"]
[EventDate "2018.06.26"]
[EventType "swiss"]
[EventCountry "RUS"]
[SourceTitle "playchess.com"]
[Source "ChessBase"]
[SourceQuality "1"]
[TimeControl "40/5400+30:1800+30"]

1. d4 d5 2. c4 e6 3. cxd5 exd5 4. Nc3 c6 5. Qc2 Bd6 6. Nf3 Ne7 7. e4 dxe4 8. Nxe4 Bb4+ 9. Bd2 Bxd2+ 10. Qxd2 Bf5 11. Bd3 O-O 12. O-O Bxe4 13. Bxe4 Qd6 14. Rfe1 Nd7 15. Qg5 Nf6 16. Qc5 Qxc5 17. dxc5 Rfe8 18. Rad1 Nxe4 19. Rxe4 Nd5 20. Rxe8+ Rxe8 21. Kf1 f6 22. Rd4 Re7 23. Nd2 Kf7 24. Nc4 Ke6 25. Re4+ Kd7 26. Rxe7+ Nxe7 27. Ke2 Nd5 28. g3 b5 29. cxb6 axb6 30. a3 c5 31. Ne3 Ne7 32. Kd3 f5 33. Kc4 Kc6 34. a4 g6 35. b4 cxb4 36. Kxb4 Ng8 37. Nc4 Nf6 38. Ne5+ Kd6 39. f4 Nd5+ 40. Kb5 Nc3+ 41. Kxb6 Nxa4+ 42. Kb5 Nc3+ 43. Kc4 {[%emt 0:00:32] Kxe5} 1/2-1/2

[Event "71st RUS-ch Higher League 2018"]
[Site "Yaroslavl"]
[Date "2018.06.30"]
[Round "5"]
[White "Bykov, Oleg"]
[Black "Moskalenko, Alexander"]
[Result "1/2-1/2"]
[ECO "C00"]
[WhiteElo "2370"]
[BlackElo "2558"]
[Annotator "ChessBase"]
[PlyCount "121"]
[EventDate "2018.06.26"]
[EventType "swiss"]
[EventCountry "RUS"]
[SourceTitle "playchess.com"]
[Source "ChessBase"]
[SourceQuality "1"]
[TimeControl "40/5400+30:1800+30"]

1. d4 e6 2. e4 d5 3. Bd3 dxe4 4. Bxe4 Nf6 5. Bf3 c5 6. Ne2 Nc6 7. Be3 cxd4 8. Nxd4 Ne5 9. Nc3 Bb4 10. Ndb5 Nxf3+ 11. Qxf3 O-O 12. O-O a6 13. a3 Be7 14. Rad1 Bd7 15. Nd6 Bc6 16. Qg3 Qb8 17. Bc5 Ne8 18. Nce4 Bxe4 19. Nxe4 Bxc5 20. Nxc5 Nf6 21. Nd7 Qxg3 22. hxg3 Rfd8 23. Nb6 Rab8 24. f3 h5 25. Kf2 Kf8 26. c4 Ke7 27. Ke3 Nd7 28. Nxd7 Rxd7 29. Rxd7+ Kxd7 30. b4 b6 31. Rh1 g6 32. Kd4 f6 33. g4 hxg4 34. fxg4 Kd6 35. Rh6 e5+ 36. Ke4 Rg8 37. Rh7 Rc8 38. Kd3 Rd8 39. Ra7 Kc6+ 40. Ke3 Rd4 41. c5 a5 42. Rf7 axb4 43. axb4 bxc5 44. Rxf6+ Kd5 45. bxc5 g5 46. c6 Re4+ 47. Kd3 Rd4+ 48. Ke3 Re4+ 49. Kd3 Rxg4 50. c7 Rd4+ 51. Ke3 Rc4 52. Rg6 Rxc7 53. Rxg5 Rc3+ 54. Kd2 Ra3 55. Rg4 e4 56. Rg8 Ke5 57. Ke2 Kf4 58. g3+ Rxg3 59. Rxg3 Kxg3 60. Ke3 Kg4 61. Kxe4 1/2-1/2

[Event "71st RUS-ch Higher League 2018"]
[Site "Yaroslavl"]
[Date "2018.07.02"]
[Round "6"]
[White "Najer, Evgeniy"]
[Black "Yanchenko, Roman"]
[Result "1-0"]
[ECO "C50"]
[WhiteElo "2668"]
[BlackElo "2462"]
[Annotator "ChessBase"]
[PlyCount "119"]
[EventDate "2018.06.26"]
[EventType "swiss"]
[EventCountry "RUS"]
[SourceTitle "playchess.com"]
[Source "ChessBase"]
[SourceQuality "1"]
[TimeControl "40/5400+30:1800+30"]

1. e4 e5 2. Bc4 Nf6 3. d3 Nc6 4. Nf3 Bc5 5. Bg5 d6 6. c3 Be6 7. Bxe6 fxe6 8. b4 Bb6 9. a4 a6 10. Na3 O-O 11. O-O Ne7 12. Qb3 Qd7 13. Nc4 Ng6 14. b5 Nh5 15. bxa6 bxa6 16. Qd1 Nhf4 17. Bxf4 Nxf4 18. g3 Ng6 19. Nxb6 cxb6 20. Nd2 d5 21. Qb3 b5 22. axb5 Qxb5 23. c4 Qxb3 24. Nxb3 Rf3 25. Nc5 dxc4 26. Kg2 Rf7 27. dxc4 Rc7 28. Ra5 Nf8 29. Rb1 Rac8 30. Nxa6 Rxc4 31. Rxe5 R8c6 32. Rb4 Rc2 33. Ra5 Rd6 34. Rb3 h6 35. Nc5 Nd7 36. Rd3 Rxc5 37. Ra8+ Kf7 38. Rxd6 Rc7 39. Rda6 Rc4 40. Ra4 Rc2 41. R8a7 Rd2 42. Kf3 Kf6 43. Ke3 Rd1 44. Rd4 Rxd4 45. Kxd4 Ne5 46. Rxg7 Nf3+ 47. Ke3 Nxh2 48. Rg8 Kf7 49. Ra8 Ng4+ 50. Ke2 Ne5 51. f3 Nc6 52. Ke3 Ne5 53. Ra6 Ke7 54. f4 Ng4+ 55. Kf3 Nh2+ 56. Kg2 Ng4 57. e5 Ne3+ 58. Kf3 Nf5 59. g4 Nd4+ 60. Ke4 1-0

[Event "71st RUS-ch Higher League 2018"]
[Site "Yaroslavl"]
[Date "2018.07.02"]
[Round "6"]
[White "Motylev, Alexander"]
[Black "Sarana, Alexey"]
[Result "1/2-1/2"]
[ECO "C41"]
[WhiteElo "2659"]
[BlackElo "2573"]
[Annotator "ChessBase"]
[PlyCount "80"]
[EventDate "2018.06.26"]
[EventType "swiss"]
[EventCountry "RUS"]
[SourceTitle "playchess.com"]
[Source "ChessBase"]
[SourceQuality "1"]
[TimeControl "40/5400+30:1800+30"]

1. e4 d6 2. d4 Nf6 3. Nc3 e5 4. Nf3 Nbd7 5. Bc4 Be7 6. O-O O-O 7. a4 a5 8. h3 c6 9. Re1 Nb6 10. Bb3 Nfd7 11. Be3 exd4 12. Nxd4 Nc5 13. Qf3 Nxb3 14. cxb3 Nd7 15. Rad1 Ne5 16. Qe2 f6 17. f4 Nf7 18. Qc4 Re8 19. f5 Bd7 20. Bf2 Qc8 21. Nf3 d5 22. exd5 Bxf5 23. Nd4 Bd7 24. Ne6 Bd6 25. Ne4 Be5 26. Nd4 Bxh3 27. dxc6 bxc6 28. Nxc6 Be6 29. Qb5 Qc7 30. Nxe5 Nxe5 31. Bb6 Qc2 32. Bd4 Reb8 33. Qf1 Rf8 34. Nc5 Bd5 35. Qe2 Qxe2 36. Rxe2 Nc6 37. Bxf6 Bxb3 38. Nxb3 Rxf6 39. Nc5 Rf5 40. Ne4 Re5 1/2-1/2

[Event "71st RUS-ch Higher League 2018"]
[Site "Yaroslavl"]
[Date "2018.07.02"]
[Round "6"]
[White "Gordievsky, Dmitry"]
[Black "Oganian, Miran"]
[Result "1-0"]
[ECO "B39"]
[WhiteElo "2641"]
[BlackElo "2432"]
[Annotator "ChessBase"]
[PlyCount "55"]
[EventDate "2018.06.26"]
[EventType "swiss"]
[EventCountry "RUS"]
[SourceTitle "playchess.com"]
[Source "ChessBase"]
[SourceQuality "1"]
[TimeControl "40/5400+30:1800+30"]

1. e4 c5 2. Nf3 g6 3. c4 Bg7 4. d4 cxd4 5. Nxd4 Nc6 6. Be3 Nf6 7. Nc3 Ng4 8. Qxg4 Nxd4 9. Qd1 e5 10. Bd3 O-O 11. O-O d6 12. a4 Be6 13. Nb5 a6 14. Nxd4 exd4 15. Bd2 f5 16. exf5 Bxf5 17. Qb3 Bxd3 18. Qxd3 a5 19. Ra3 Qd7 20. Rb3 d5 21. c5 Qxa4 22. Rxb7 Qc4 23. Qh3 Rf5 24. Bh6 Be5 25. Bf4 Bg7 26. Be5 Bxe5 27. Qxh7+ Kf8 28. Qh6+ 1-0

[Event "71st RUS-ch Higher League 2018"]
[Site "Yaroslavl"]
[Date "2018.07.02"]
[Round "6"]
[White "Zvjaginsev, Vadim"]
[Black "Popov, Ivan"]
[Result "1-0"]
[ECO "B10"]
[WhiteElo "2633"]
[BlackElo "2608"]
[Annotator "ChessBase"]
[PlyCount "111"]
[EventDate "2018.06.26"]
[EventType "swiss"]
[EventCountry "RUS"]
[SourceTitle "playchess.com"]
[Source "ChessBase"]
[SourceQuality "1"]
[TimeControl "40/5400+30:1800+30"]

1. e4 c6 2. Nc3 d5 3. Nf3 dxe4 4. Nxe4 Nf6 5. Qe2 Nxe4 6. Qxe4 Qa5 7. Ne5 Nd7 8. Nc4 Qd5 9. Qxd5 cxd5 10. Ne3 e6 11. b3 Be7 12. Bb2 Bf6 13. d4 b6 14. a4 a6 15. c4 dxc4 16. Bxc4 Bb7 17. Rc1 O-O 18. O-O Rfd8 19. Be2 Rac8 20. Rxc8 Rxc8 21. Bc4 Rd8 22. f4 Nf8 23. Rd1 Ng6 24. g3 Ne7 25. Kf1 h5 26. Be2 Nd5 27. Kf2 Nxe3 28. Kxe3 g6 29. Rc1 Rd7 30. Bf3 Bxf3 31. Kxf3 b5 32. Ke3 bxa4 33. bxa4 Rd5 34. Rc6 a5 35. Bc3 Kf8 36. Kd3 g5 37. Rc8+ Ke7 38. Ra8 gxf4 39. gxf4 h4 40. h3 Rf5 41. Ke4 Bg7 42. Rxa5 Rf6 43. Be1 Kd6 44. Bb4+ Kd7 45. f5 exf5+ 46. Rxf5 Re6+ 47. Kd5 Ke8 48. Rf1 Bf8 49. Bxf8 Kxf8 50. a5 Ke7 51. Ra1 Ra6 52. Kc5 Kd7 53. Kb5 Ra8 54. a6 Kd6 55. a7 Kd5 56. Kb6 1-0

[Event "71st RUS-ch Higher League 2018"]
[Site "Yaroslavl"]
[Date "2018.07.02"]
[Round "6"]
[White "Kobalia, Mikhail"]
[Black "Paravyan, David"]
[Result "1-0"]
[ECO "B90"]
[WhiteElo "2608"]
[BlackElo "2634"]
[Annotator "ChessBase"]
[PlyCount "53"]
[EventDate "2018.06.26"]
[EventType "swiss"]
[EventCountry "RUS"]
[SourceTitle "playchess.com"]
[Source "ChessBase"]
[SourceQuality "1"]
[TimeControl "40/5400+30:1800+30"]

1. e4 c5 2. Nf3 d6 3. d4 cxd4 4. Nxd4 Nf6 5. Nc3 a6 6. f3 e6 7. g4 b5 8. a3 h6 9. h4 Be7 10. Be3 Nfd7 11. Bf2 Qc7 12. Qd2 Ne5 13. Be2 Nbd7 14. O-O-O Rb8 15. Rh3 Nc4 16. Qe1 O-O 17. f4 g6 18. g5 h5 19. Bxh5 gxh5 20. Qe2 b4 21. Nf5 exf5 22. Nd5 Qd8 23. Qxh5 Nde5 24. fxe5 Nxe5 25. Bd4 bxa3 26. Bxe5 dxe5 27. g6 1-0